 Dungeon Crawl Stone Soup version 0.30.1-11-g7821555f0a (webtiles) character file.

Game seed: 2255816533484225637

153 H0rd4k the Trooper (level 5, -2/41 HPs)
             Began as a Human Artificer on Dec 19, 2023.
             Killed by nerve-wracking pain
             ... invoked by Grinder
              (13 damage)
             ... on level 3 of the Dungeon.
             The game lasted 00:03:08 (2517 turns).

H0rd4k the Trooper (Human Artificer)                Turns: 2517, Time: 00:03:11

Health: -2/41      AC:  4    Str: 12    XL:     5   Next: 61%
Magic:  7/7        EV: 12    Int: 14    God:
Gold:   170        SH:  0    Dex: 13    Spells: 7/7 levels left

rFire   + . .        t - +0 morningstar
rCold   . . .        (no shield)
rNeg    . . .        b - +0 leather armour
rPois   .            (no helmet)
rElec   .            (no cloak)
rCorr   .            o - +0 pair of gloves
SInv    .            (no boots)
Will    .....        z - amulet of magic regeneration
Stlth   +            y - ring of protection from fire
HPRegen 0.26/turn    (no ring)
MPRegen 0.50/turn

%: no passive effects
@: no status effects
A: no striking features
a: no special abilities


You were on level 3 of the Dungeon.
You visited 1 branch of the dungeon, and saw 3 of its levels.

You collected 170 gold pieces.

Inventory:

Hand Weapons
 t - a +0 morningstar (weapon)
Missiles
 a - 3 poisoned darts
Armour
 b - a +0 leather armour (worn)
 o - a +0 pair of gloves (worn)
Jewellery
 y - a ring of protection from fire (left hand)
 z - an amulet of magic regeneration (around neck)
Wands
 c - a wand of flame (9) (quivered)
 d - a wand of charming (12)
 e - a wand of iceblast (4)
Scrolls
 g - a scroll of vulnerability {unknown}
 h - 2 scrolls of immolation {unknown}
 i - 3 scrolls of teleportation {unknown}
 j - 5 scrolls of identify {unknown}
 k - a scroll of torment {unknown}
 m - a scroll of enchant armour {unknown}
 n - a scroll of enchant weapon {unknown}
 p - 2 scrolls of amnesia {unknown}
 s - a scroll of silence {unknown}
 w - a scroll of noise {unknown}
 A - 2 scrolls of blinking {unknown}
 C - a scroll of fear {unknown}
Potions
 f - a potion of curing {unknown}
 l - a potion of mutation {unknown}
 q - a potion of brilliance {unknown}
 r - a potion of invisibility {unknown}
 u - a potion of flight {unknown}
 v - a potion of heal wounds {unknown}
 x - a potion of ambrosia {unknown}
 B - a potion of magic {unknown}
 D - a potion of attraction {unknown}


   Skills:
 + Level 3.1 Fighting
 - Level 2.0 Armour
 + Level 3.1 Dodging
 - Level 1.0 Stealth
 + Level 1.9 Spellcasting
 - Level 3.0 Evocations


You had 7 spell levels left.
You didn't know any spells.
Your spell library contained the following spells:

 Spells                   Type           Power      Damage    Failure   Level
 Necrotise                Necr           4%         1d4       30%         1
 Sting                    Tmut/Pois      4%         1d3       30%         1
 Summon Small Mammal      Summ           4%         N/A       30%         1
 Poisonous Vapours        Pois/Air       2%         N/A       43%         2
 Call Canine Familiar     Summ           1%         N/A       67%         3
 Summon Guardian Golem    Hex/Summ       1%         N/A       67%         3
 Vampiric Draining        Necr           1%         2d6       67%         3
 Olgreb's Toxic Radiance  Pois           1%         N/A       97%         4
 Agony                    Necr           1%         N/A       100%        5
 Conjure Ball Lightning   Conj/Air       0%         3x3d6     100%        6
 Discord                  Hex            0%         N/A       100%        8
 Disjunction              Tloc           0%         N/A       100%        8


Dungeon Overview and Level Annotations

Branches:
Dungeon (3/15)

Altars:
Zin

Annotations:
D:3 Grinder


Message History

You see here 13 gold pieces.
The helpless bat fails to defend itself.
You hit the bat.
You kill the bat!
No target in view!
No target in view!
No target in view!
No target in view!
No target in view!
No target in view!
No target in view!
You now have 170 gold pieces (gained 13).
You see here a bat corpse.
D - an emerald potion Grinder comes into view.
She is carrying a wand of light (6).
Grinder shouts!
Grinder is nearby!
You barely miss Grinder. Grinder hits you.
You writhe in agony.
Grinder closely misses you.
You hit Grinder.
Grinder is lightly wounded.
Grinder zaps a wand.
The bolt of light misses you.
You hit Grinder.
Grinder is lightly wounded.
Grinder zaps a wand.
The bolt of light hits you!
You are confused.
Grinder barely misses you.
You are too confused!
Unknown command.
You barely miss Grinder.
Grinder is lightly wounded.
Grinder hits you!
You writhe in agony.
* * * LOW HITPOINT WARNING * * *
You closely miss Grinder.
Grinder is lightly wounded.
You feel less confused. Grinder closely misses you. Grinder gestures at you.
Pain shoots through your body!
You die...

#..#..# #.....#
#.###.# #.# #..
#########
#.#####
#.......#
#.#....
#.#####.#
#.#....
#.#####.##
##########
#.#....
#.##.....#
#.@5......
#......
#.##.##..#
#.#######.
###....
#†.......# #.#
#...#
####.###.###.#
#....
#......#.....#
##...
#.##.#.#######
##.. # #.......#
###
#..#.##.#.......
#. #
#..#.##.#..<....
. ##


You could see Grinder.

Vanquished Creatures
  An iguana (D:3)
  An orc wizard (D:3)
  3 gnolls (D:2)
  2 adders (D:2)
  3 dart slugs
  6 ball pythons
  10 bats
  4 endoplasms
  A giant cockroach (D:3)
  7 goblins
  5 hobgoblins
  5 quokkas
  3 frilled lizards (D:1)
  8 kobolds
  2 rats (D:2)
61 creatures vanquished.

Vanquished Creatures (collateral kills)
  2 orcs (D:3)
2 creatures vanquished.

Grand Total: 63 creatures vanquished

Notes
Turn   | Place    | Note
-------+----------+-------------------------------------------
     0 | D:1      | H0rd4k the Human Artificer began the quest for the Orb.
     0 | D:1      | Reached XP level 1. HP: 15/15 MP: 1/1
    63 | D:1      | Reached XP level 2. HP: 20/21 MP: 2/2
   407 | D:1      | Reached XP level 3. HP: 22/27 MP: 3/3
   837 | D:2      | Reached XP level 4. HP: 23/34 MP: 3/5
   840 | D:2      | Reached skill level 1 in Spellcasting
  1649 | D:2      | Reached XP level 5. HP: 39/39 MP: 7/7
  2143 | D:3      | Found a glowing silver altar of Zin.
  2511 | D:3      | Noticed Grinder
  2517 | D:3      | Killed from afar by Grinder

Illustrated notes

Levels and vault maps discovered:
D:1:      minmay_arrival_four_houses, layout_rooms, minmay_door_square,
          minmay_misc_feat_chi
D:2:      layout_basic
D:3:      layout_loops_cross, mainiacjoe_overflow_chevrons,
          nicolae_concentric_dashed_squares_mild, uniq_grinder

Skill      XL: |  1  2  3  4  5 |
---------------+----------------+-----
Fighting       | 2 3 |  3.1
Dodging        | 2 3 |  3.1
Spellcasting   | 1 |  1.9
Armour         | |  2.0
Stealth        | |  1.0
Evocations     | |  3.0

Action                     |  1- 3 |  4- 6 || total
---------------------------+-------+-------++-------
  Melee: Club              |    97 |    14 ||   111
         Punch             |     2 |     1 ||     3
         Morningstar       |       |   113 ||   113
  Evoke: Wand              |     1 |     9 ||    10
   Stab: Sleeping          |       |     2 ||     2
 Armour: Leather armour    |    55 |    79 ||   134
  Dodge: Dodged            |    79 |   108 ||   187
